 Dungeon Crawl Stone Soup version 0.21-a0-260-g9b2435e (webtiles) character file.

961 polean the Cudgeler (level 8, -9/60 HPs)
             Began as a Human Wanderer on Sept 8, 2017.
             Was an Initiate of Yredelemnul.
             Mangled by an orc warrior
             ... wielding a +0 battleaxe
              (11 damage)
             ... on level 6 of the Dungeon.
             The game lasted 00:36:35 (6102 turns).

polean the Cudgeler (Human Wanderer)                Turns: 6102, Time: 00:36:36

Health: -9/60      AC: 14    Str: 15 (17) XL:     8   Next: 37%
Magic:  17/17      EV:  4    Int: 12 (13) God:    Yredelemnul [......]
Gold:   332        SH:  0    Dex: 12      Spells: 7/7 levels left

rFire    . . .     SeeInvis .   a - +2 mace
rCold    . . .     Gourm    .   (no shield)
rNeg     . . .     Faith    +   g - +0 plate armour
rPois    .         Spirit   .   f - +0 helmet
rElec    .         Reflect  .   (no cloak)
rCorr    .         Harm     .   (no gloves)
MR       .....                  (no boots)
Stlth    ..........             v - amulet of faith
HPRegen  0.20/turn              u - ring of magical power
MPRegen  0.15/turn              (no ring)

@: no status effects
A: iridescent scales 1, deterioration 1, strong 1
a: Renounce Religion


You were on level 6 of the Dungeon.
You worshipped Yredelemnul.
Yredelemnul was noncommittal.
You were hungry.

You visited 1 branch of the dungeon, and saw 6 of its levels.

You collected 332 gold pieces.

Inventory:

Hand Weapons
 a - a +2 mace (weapon)
 b - a +0 hunting sling
 q - a +2 scimitar of freezing
 B - a +0 shortbow
Missiles
 h - 68 bolts
 m - 75 stones (quivered)
 r - 2 javelins
 t - 15 arrows
Armour
 f - a +0 helmet (worn)
 g - a +0 plate armour (worn)
Magical Staves
 y - an uncursed staff of summoning
Jewellery
 e - a +2 amulet of reflection
 u - a ring of magical power (left hand)
 v - an amulet of faith (around neck)
Scrolls
 c - a scroll of teleportation
 i - 2 scrolls of amnesia
 k - a scroll of remove curse
 l - a scroll of recharging
 p - a scroll of magic mapping
 x - a scroll of identify
 z - a scroll of fear
Potions
 j - 2 potions of resistance
 o - 2 potions of flight
 s - a potion of lignification
 w - a potion of mutation
Comestibles
 d - 3 bread rations
 n - a meat ration


   Skills:
 + Level 4.0 Fighting
 + Level 6.1 Maces & Flails
 + Level 4.2(4.3) Slings
 + Level 0.4 Bows
 + Level 1.3(3.0) Throwing
 + Level 4.0 Armour
 + Level 1.0 Dodging
 + Level 1.1 Stealth
   Level 1.0 Fire Magic
   Level 2.0 Ice Magic


You had 7 spell levels left.
You didn't know any spells.

Dungeon Overview and Level Annotations

Branches:
Dungeon (6/15)             Temple (0/1) D:4

Altars:
Ru
Yredelemnul


Innate Abilities, Weirdness & Mutations

You are partially covered in iridescent scales. (AC +2)
Your body sometimes deteriorates upon taking damage.
Your muscles are strong. (Str +2)


Message History

The orc warrior barely misses you.
You closely miss the orc warrior.
The orc warrior is lightly wounded.
The orc warrior hits you with a battleaxe.
* * * LOW HITPOINT WARNING * * *
You hit the orc warrior.
The orc warrior is moderately wounded.
The orc warrior barely misses you.
You hit the orc warrior.
The orc warrior is moderately wounded.
You hit the orc warrior.
The orc warrior is heavily wounded.
The orc warrior hits you with a battleaxe!
* * * LOW HITPOINT WARNING * * *
Your body deteriorates!
You feel dopey.
You hit the orc warrior but do no damage.
The orc warrior is heavily wounded.
The orc warrior hits you with a battleaxe!
You die...
Your body rises from the dead as a mindless zombie.

### #.. #.# #.# #.# #.#
#.# #.(# #@# #.(# #o#
#(.# #o#######..#
#o#........#
######o..oo.##(.#
##...........##..# ##
#.........)..o...###....
#......(#...###o.(....(.
...########## #......###


You could see an orc warrior and 3 orcs.

Vanquished Creatures
  Eustachio (D:4)
  An ogre (D:4)
  A centaur (D:6)
  A bullfrog (D:4)
  A scorpion (D:3)
  4 wights (D:6)
  A howler monkey (D:3)
  2 orc wizards (D:5)
  2 bullfrog skeletons
  A centaur skeleton (D:4)
  A worker ant (D:5)
  6 adders
  An ooze (D:2)
  4 worms
  3 dart slugs
  13 orcs
  4 bats
  3 giant cockroaches
  10 goblins
  6 hobgoblins
  10 kobolds
  2 quokkas
  2 ball pythons
  A ball python skeleton (D:3)
  7 frilled lizards
  A jackal zombie (D:3)
  A quokka skeleton (D:3)
  A quokka zombie (D:3)
  7 rats
98 creatures vanquished.

Vanquished Creatures (others)
  A dart slug (D:5)
1 creature vanquished.

Grand Total: 99 creatures vanquished

Notes
Turn   | Place    | Note
-------+----------+-------------------------------------------
     0 | D:1      | polean the Human Wanderer began the quest for the Orb.
     0 | D:1      | polean set off with: a +2 mace, a +0 ring mail, a scroll of teleportation, a bread ration
     0 | D:1      | Reached XP level 1. HP: 16/16 MP: 1/1
   135 | D:1      | Reached XP level 2. HP: 22/22 MP: 2/2
   973 | D:1      | Reached XP level 3. HP: 27/27 MP: 3/3
  1190 | D:2      | Reached skill level 4 in Maces & Flails
  1538 | D:2      | Reached XP level 4. HP: 33/33 MP: 4/4
  1766 | D:2      | Reached skill level 1 in Slings
  2809 | D:3      | Reached XP level 5. HP: 39/39 MP: 5/5
  2874 | D:3      | Reached skill level 1 in Armour
  3212 | D:3      | Reached XP level 6. HP: 39/46 MP: 6/6
  3422 | D:4      | Noticed Eustachio
  3747 | D:4      | Gained mutation: Your body sometimes deteriorates upon taking damage. [potion of mutation]
  3747 | D:4      | Gained mutation: Your muscles are strong. (Str +2) [potion of mutation]
  3747 | D:4      | Gained mutation: You are partially covered in iridescent scales. (AC +2) [potion of mutation]
  3779 | D:4      | Found a basalt altar of Yredelemnul.
  3789 | D:4      | Became a worshipper of Yredelemnul the Dark
  3799 | D:4      | Noticed an ogre
  3809 | D:4      | Killed an ogre
  4074 | D:4      | Found a staircase to the Ecumenical Temple.
  4220 | D:4      | Reached XP level 7. HP: 43/52 MP: 7/7
  4923 | D:4      | Killed Eustachio
  4923 | D:4      | Reached skill level 5 in Maces & Flails
  5139 | D:5      | Entered Level 5 of the Dungeon
  5224 | D:5      | Found a sacrificial altar of Ru.
  5460 | D:5      | Noticed a steam dragon
  5460 | D:5      | Noticed a steam dragon
  5847 | D:6      | HP: 2/53 [centaur (4)]
  5852 | D:6      | Reached XP level 8. HP: 30/60 MP: 8/8
  5945 | D:6      | Reached skill level 1 in Dodging
  5951 | D:6      | Reached skill level 6 in Maces & Flails
  6101 | D:6      | HP: 1/60 [orc warrior/battleaxe (9)]
  6102 | D:6      | Mangled by an orc warrior

Vault maps used:
D:1:      dpeg_arrival_short_road, fountainhead, minmay_bisected
D:2:      first_bread
D:3:      cheibrodos_helix_gallery, serial_undead, serial_undead_e,
          serial_undead_f, serial_undead_c, serial_undead_b
D:4:      nicolae_overflow_crystal_walls, temple_pool_b, dk_rats_in_the_wall,
          uniq_eustachio
D:5:      kennysheep_steamy, grunt_temple_overflow_diamond,
          nicolae_ru_sacrificial_ziggurat
D:6:      hangedman_feature_mirror, grunt_dithmenos_shadows

Skill      XL: |  1  2  3  4  5  6  7  8 |
---------------+-------------------------+-----
Maces & Flails | 4 5 6 |  6.1
Slings         | 1 2 3 4 |  4.2
Armour         | 1 2 3 4 |  4.0
Fighting       | 3 4 |  4.0
Dodging        | 1 |  1.0
Bows           | |  0.4
Throwing       | |  1.3
Stealth        | |  1.1
Fire Magic     | |  1.0
Ice Magic      | |  2.0

Action                   |  1- 3 |  4- 6 |  7- 9 || total
-------------------------+-------+-------+-------++-------
Melee: Mace              |    55 |   167 |   158 ||   380
 Fire: Hunting sling     |    16 |    72 |    35 ||   123
       Shortbow          |       |       |     6 ||     6
Throw: Stone             |    28 |       |       ||    28
  Use: Scroll            |     5 |     5 |     4 ||    14
       Potion            |     2 |     3 |     4 ||     9
  Eat: Chunk             |     2 |     2 |     3 ||     7
       Meat ration       |       |     1 |       ||     1
       Royal jelly       |       |     1 |     1 ||     2
Armor: Ring mail         |     5 |       |       ||     5
       Plate armour      |    24 |   140 |   200 ||   364
Dodge: Dodged            |     7 |    45 |    80 ||   132
Block: Other             |     5 |    11 |       ||    16

Table legend:
 A = Spawn XP
 B = Non-spawn XP
 C = Spawn XP percentage of total XP
 D = Spawn monster count
 E = Non-spawn monster count
 F = Spawn count percentage of total count
 G = Total turns spent on level
                    A         B        C        D         E        F      G
               +---------+---------+-------+---------+---------+-------+---------
         Total |       0 |    1374 |   0.0 |       0 |      99 |   0.0 |  6102
               +---------+---------+-------+---------+---------+-------+---------
           D:1 |       0 |      33 |   0.0 |       0 |      18 |   0.0 |  1183
           D:2 |       0 |      96 |   0.0 |       0 |      28 |   0.0 |  1475
           D:3 |       0 |     171 |   0.0 |       0 |      26 |   0.0 |   747
           D:4 |       0 |     521 |   0.0 |       0 |       9 |   0.0 |  1734
           D:5 |       0 |     152 |   0.0 |       0 |      11 |   0.0 |   596
           D:6 |       0 |     401 |   0.0 |       0 |       7 |   0.0 |   367
               +---------+---------+-------+---------+---------+-------+---------
